 Dungeon Crawl Stone Soup version 0.14-a0-1330-g3eed206 (webtiles) character file.

176 MackTheKnife the Cudgeler (level 4, -2/35 HPs)
             Began as a Demigod Wanderer on Dec 6, 2013.
             Killed from afar by an orc wizard (7 damage)
             ... with a puff of flame
             ... on Level 2 of the Dungeon.
             The game lasted 00:04:11 (2834 turns).

MackTheKnife the Cudgeler (Demigod Wanderer)        Turns: 2834, Time: 00:04:11

HP  -2/35        AC  6     Str 12      XL: 4   Next: 19%
MP   7/7         EV 15     Int 17      God:
Gold 79          SH  0     Dex 25      Spells:  0 memorised,  3 levels left

rFire  . . .     SeeInvis .     d - +0 mace
rCold  . . .     Clarity  .     k - +3 leather armour
rNeg   . . .     Conserve .     (no shield)
rPois  .         rCorr    .     (no helmet)
rElec  .         rRot     .     (no cloak)
SustAb . .       Spirit   .     (no gloves)
rMut   .         Warding  .     (no boots)
Saprov . . .     Stasis   .     (no amulet)
                                (no ring)
                                (no ring)

@: agile, very slightly contaminated, hasted, very quick, slightly resistant to
hostile enchantments, quite stealthy
A: no striking features
a: no special abilities


You were on level 2 of the Dungeon.
You were hungry.

You visited 1 branch of the dungeon, and saw 3 of its levels.

You collected 79 gold pieces.


   Skills:
 - Level 1.1 Fighting
 + Level 3.8 Maces & Flails
   Level 1.7 Bows
 - Level 3.6 Armour
 - Level 0.1 Dodging
 - Level 1.7 Stealth


You had 3 spell levels left.
You didn't know any spells.

Inventory:

Hand weapons
 d - a +0,+0 mace (weapon)
Armour
 k - a +3 leather armour (worn)
Comestibles
 c - a bread ration
 f - a meat ration
 i - a banana
 l - a choko
 m - a rotting chunk of hobgoblin flesh {@*1}
 o - a snozzcumber
Scrolls
 b - a scroll of identify
Potions
 a - a potion of magic {unknown}
 e - a potion of agility
 h - a potion of speed
 j - a potion of restore abilities {unknown}
 n - a potion of poison {unknown}

···▒ ▒·▒·········▒%▒·····▒
···▒ ▒·▒········<▒%▒·····▒
···▒ ▒·▒·········▒·▒·····▒
▒▒▒▒ ▒···········▒·▒·····▒
▒▒▒▒▒▒········▒▒·▒·····▒▒
▒▒▒▒··············>········▒
··················)········▒
▒▒▒▒▒·▒·············▒▒▒▒▒▒·▒
▒·▒··▒·▒·▒·▒@▒'▒▒▒ ▒·▒
▒▒'▒········o·····▒ ▒·▒
▒·····▒·▒·▒·▒·····▒ ▒·▒
▒·················▒▒▒▒▒'▒▒▒▒▒
▒·····▒·▒·▒·▒·····▒·········▒
▒···············▒▒▒·········▒
▒▒'▒··▒·▒·▒·▒·▒·▒ ▒·········▒
▒·▒··········▒·▒ ▒·········▒
▒·▒·▒▒▒▒▒▒▒▒▒▒·▒ ▒······%··▒


You could see an orc wizard.


Message History

You can't go down here!
(D) Dungeon
Where to? (Enter - D:2 @ (x,y), ? - help)
You are confused.
The puff of flame hits you!
* * * LOW HITPOINT WARNING * * *
Ouch!
Drink which item? (? for menu, Esc to quit)
You feel yourself speed up.
It was a potion of speed.
You are very lightly contaminated with residual magic.
Unknown command.
Ouch! You feel less confused.
An orc wizard appears from thin air!
Reactivating autopickup.
You hit the orc wizard but do no damage.
You barely miss the orc wizard.
The orc wizard hits you but does no damage.
You hit the orc wizard.
The orc wizard is moderately wounded.
The orc wizard closely misses you.
You hit the orc wizard.
The orc wizard is moderately wounded.
The orc wizard hits you with a glowing orcish dagger.
* * * LOW HITPOINT WARNING * * *
You barely miss the orc wizard.
The orc wizard is moderately wounded.
The orc wizard gestures at you while chanting.
The puff of flame hits you!
You die...

Action                   |  1- 3 |  4- 6 || total
-------------------------+-------+-------++-------
Melee: Mace              |   121 |    48 ||   169
       Dagger            |     5 |       ||     5
  Use: Scroll            |     4 |     2 ||     6
       Potion            |       |     5 ||     5

Vault maps used:
D:1:      dpeg_entry_morbid_curiosity
D:2:      general_overflow_altar, serial_glass, glass_columns_c, glass_columns_c
D:3:      grunt_temple_overflow_champion_of_chaos, uniq_jessica

Notes
Turn   | Place    | Note
--------------------------------------------------------------
     0 | D:1      | MackTheKnife, the Demigod Wanderer, began the quest for the Orb.
     0 | D:1      | Reached XP level 1. HP: 16/16 MP: 2/2
   401 | D:1      | Reached XP level 2. HP: 7/23 MP: 3/3
   626 | D:1      | Reached skill level 2 in Maces & Flails
  1318 | D:2      | Reached XP level 3. HP: 18/28 MP: 5/5
  1594 | D:2      | Reached skill level 3 in Maces & Flails
  2105 | D:2      | Found a radiant altar of Vehumet.
  2171 | D:2      | Reached XP level 4. HP: 25/35 MP: 7/7
  2834 | D:2      | Killed from afar by an orc wizard

Vanquished Creatures
  4 adders (D:2)
  An inept feature mimic (D:2)
  A worm (D:2)
  A giant gecko (D:3)
  2 orcs (D:2)
  5 bats
  3 giant cockroaches
  10 hobgoblins
  4 kobolds
  2 ball pythons
  6 giant newts
  3 goblins
  4 rats
46 creatures vanquished.
